 Dungeon Crawl Stone Soup version 0.25-a0-657-ge95d391 (webtiles) character file.

Game seed: 1313549330337395479, levelgen mode: deterministic

4792 Dorkslayer the Covered (level 10, -1/63 HPs)
             Began as a Gargoyle Fighter on Mar 22, 2020.
             Was a Follower of the Shining One.
             Slain by Gastronok (10 damage)
             ... on level 8 of the Dungeon.
             The game lasted 00:33:31 (7216 turns).

Dorkslayer the Covered (Gargoyle Fighter)           Turns: 7216, Time: 00:33:31

Health: -1/63      AC: 18    Str: 21    XL:     10   Next: 48%
Magic:  12/12      EV: 12    Int:  9    God:    the Shining One [*.....]
Gold:   177        SH: 11    Dex: 14    Spells: 9/9 levels left

rFire    . . .     SeeInvis .   B - +3 hand axe (elec)
rCold    + . .     Gourm    .   c - +0 kite shield
rNeg     + + .     Faith    .   D - +0 chain mail
rPois    ∞         Spirit   .   (no helmet)
rElec    +         Reflect  .   b - scarf {repulsion}
rCorr    .         Harm     .   (no gloves)
MR       .....                  (no boots)
Stlth    ..........             (no amulet)
HPRegen  0.20/turn              e - +3 ring of evasion
MPRegen  0.13/turn              w - ring "Icsil" {rPois rC+ rN+ Dex+3}

@: slowed, glowing, studying 2 skills, repel missiles, very slow
A: negative energy resistance 1, electricity resistance, unbreathing,
petrification resistance, rot immunity, AC +7
a: Renounce Religion


You were on level 8 of the Dungeon.
You worshipped the Shining One.
The Shining One was aware of your devotion.
You were not hungry.

You visited 2 branches of the dungeon, and saw 9 of its levels.

You collected 423 gold pieces.
You spent 246 gold pieces at shops.

Inventory:

Hand Weapons
 a - a +0 war axe
 j - a +0 hand axe
 B - a +3 hand axe of electrocution (weapon)
 C - a +0 short sword of flaming
Missiles
 s - 34 poisoned darts
 E - 5 boomerangs
 F - 2 throwing nets (quivered)
Armour
 b - a scarf of repulsion (worn)
 c - a +0 kite shield (worn)
 D - a +0 chain mail (worn)
Jewellery
 e - a +3 ring of evasion (left hand)
 t - an uncursed ring of protection from cold
 w - the ring "Icsil" (right hand) {rPois rC+ rN+ Dex+3}
   (You took it off a gnoll on level 4 of the Dungeon)

   [ring of protection from cold]

   It affects your dexterity (+3).
   It protects you from cold.
   It protects you from poison.
   It protects you from negative energy.
Wands
 k - a wand of flame (15)
Scrolls
 h - 4 scrolls of blinking
 l - 4 scrolls of remove curse
 n - 3 scrolls of teleportation
 p - 2 scrolls of fog
 q - 2 scrolls of fear
 u - a scroll of magic mapping
 v - a scroll of amnesia
 x - a scroll of identify
 z - a scroll of enchant weapon {unknown}
Potions
 g - a potion of magic {unknown}
 i - a potion of flight
 m - 3 potions of brilliance
 r - a potion of degeneration {unknown}
 A - a potion of stabbing {unknown}
Books
 d - a manual of Evocations
 y - a manual of Throwing
Comestibles
 f - 14 rations


   Skills:
 * Level 7.5 Fighting
 + Level 7.3 Axes
 * Level 1.5 Throwing
 * Level 7.9 Armour
 * Level 4.8 Dodging
 + Level 6.9 Shields
 * Level 0.9 Invocations
 * Level 3.7 Evocations


You had 9 spell levels left.
You didn't know any spells.
Your spell library contained the following spells:

 Spells                   Type           Power        Failure   Level  Hunger
 Beastly Appendage        Tmut           #.....       100%        1    ##.....
 Sticks to Snakes         Tmut           #.......     100%        2    ###....
 Confusing Touch          Hex            #.......     100%        3    ####...
 Gell's Gravitas          Tloc           #.........   100%        3    ####...
 Spider Form              Tmut/Pois      #.........   100%        3    ####...
 Ice Form                 Ice/Tmut       #.......     100%        4    #####..
 Petrify                  Tmut/Erth      #.......     100%        4    #####..
 Blade Hands              Tmut           #.........   100%        5    ######.
 Metabolic Englaciation   Hex/Ice        #.........   100%        5    ######.
 Yara's Violent Unravell  Hex/Tmut       #.........   100%        5    ######.


Dungeon Overview and Level Annotations

Branches:
Dungeon (8/15)             Temple (1/1) D:7
   Lair: D:8-11

Altars:
Ashenzari
Cheibriados
Dithmenos
Fedhas
Gozag
Hepliaklqana
Kikubaaqudgha
Makhleb
Nemelex Xobeh
Okawaru
Qazlal
Sif Muna
Trog
Uskayaw
Vehumet
Wu Jian
Xom
The Shining One

Annotations:
D:8 Gastronok


Innate Abilities, Weirdness & Mutations

You are resistant to torment.
Your stone body is resilient. (AC +7)
You are immune to poison.
You resist negative energy. (rN+)
You are resistant to electric shocks. (rElec)
You can survive without breathing.
You are immune to petrification.
You are immune to rotting.


Message History

Gastronok is severely wounded.
Evoke which item? (* to show all) (? for menu, Esc to quit)
Aiming: Throw Flame
Press: ? - help, Shift-Dir - straight line, f/p - Gastronok
Aim: Gastronok, wearing a +1 hat of intelligence (severely wounded, covering ground quickly, haloed)
The puff of flame hits Gastronok!
Gastronok is severely wounded.
You block Gastronok's attack.
Evoke which item? (* to show all) (? for menu, Esc to quit)
Aiming: Throw Flame
Press: ? - help, Shift-Dir - straight line, f/p - Gastronok
Aim: Gastronok, wearing a +1 hat of intelligence (severely wounded, covering ground quickly, haloed)
The puff of flame hits Gastronok!
Gastronok is severely wounded.
Gastronok bites you!
* * * LOW HITPOINT WARNING * * *
You feel better.
An orc wizard comes into view. It is wielding a +0 dagger.
Gastronok bites you!
You die...

#.....# #..#..#
#.. ..# ... ..#
#.# ..####. #.#
.......
########.##...####
#.........@w......
##...###.###..####
#...##..... ...o
#....#.)#### ####
#...........
#...........
#....#.####.
#....#.# ####.#.#


You could see Gastronok and an orc wizard (wandering).

Vanquished Creatures
  A skeletal warrior (D:7)
  The ghost of vykuza the Charmwright, an amateur GnSk of Okawaru (D:4)
  Sigmund (D:6)
  3 hippogriffs (D:7)
  Menkaure (D:4)
  Edmund (D:4)
  A phantom (D:8)
  2 orc warriors
  A black bear (D:8)
  A necrophage (D:4)
  3 ogres
  A centaur (D:6)
  8 big kobolds (D:4)
  2 bullfrogs
  A gnoll sergeant (D:7)
  5 scorpions
  A howler monkey (D:8)
  2 crimson imps
  A centaur zombie (D:6)
  A quasit (D:4)
  A jelly (D:4)
  A bullfrog skeleton (D:7)
  3 hounds
  4 orc priests
  2 centaur skeletons
  Ijyb (D:4)
  7 orc wizards
  5 worker ants
  A killer bee zombie (D:8)
  3 hound zombies
  2 worker ant zombies (D:6)
  25 gnolls
  9 adders
  A howler monkey skeleton (D:4)
  A worm (D:5)
  5 dart slugs
  2 leopard geckos
  21 orcs
  8 bats
  4 giant cockroaches
  7 hobgoblins
  10 jackals
  47 kobolds
  3 quokkas
  2 ball pythons
  3 frilled lizards
  2 goblins (D:2)
  A jackal skeleton (D:7)
  A leopard gecko skeleton (D:7)
  A leopard gecko zombie (D:7)
  A quokka skeleton (D:5)
  5 rats
  A plant (D:4)
228 creatures vanquished.

Vanquished Creatures (others)
  2 plants (D:4)
2 creatures vanquished.

Grand Total: 230 creatures vanquished

Notes
Turn   | Place    | Note
-------+----------+-------------------------------------------
     0 | D:1      | Dorkslayer the Gargoyle Fighter began the quest for the
                  | Orb.
     0 | D:1      | Reached XP level 1. HP: 14/14 MP: 1/1
   121 | D:1      | Reached XP level 2. HP: 17/19 MP: 2/2
   388 | D:1      | Reached XP level 3. HP: 18/23 MP: 3/3
   845 | D:2      | Reached XP level 4. HP: 26/29 MP: 4/4
   855 | D:2      | Reached skill level 1 in Dodging
  1081 | D:2      | Found a stormy altar of Qazlal.
  1081 | D:2      | Found a shattered altar of Ashenzari.
  1571 | D:2      | You fall into a shaft and drop 2 floors!
  1571 | D:4      | Noticed a big kobold
  1582 | D:4      | Noticed a big kobold
  1593 | D:4      | Reached XP level 5. HP: 28/33 MP: 5/5
  1601 | D:4      | Killed a big kobold
  1608 | D:4      | Noticed a big kobold
  1615 | D:4      | Killed a big kobold
  1615 | D:4      | Reached XP level 6. HP: 21/38 MP: 6/6
  1716 | D:4      | Noticed Menkaure
  1722 | D:4      | Killed Menkaure
  1722 | D:4      | Reached XP level 7. HP: 29/44 MP: 7/7
  1726 | D:4      | Reached skill level 5 in Armour
  1759 | D:4      | Noticed Ijyb
  1767 | D:4      | Killed Ijyb
  1833 | D:4      | Reached skill level 5 in Fighting
  2045 | D:4      | Reached XP level 8. HP: 35/49 MP: 8/8
  2063 | D:4      | Reached skill level 5 in Axes
  2174 | D:4      | Found a transporter.
  3551 | D:3      | Found a blossoming altar of Fedhas.
  3557 | D:3      | Found an opulent altar of Gozag.
  3557 | D:3      | Found a bloodstained altar of Trog.
  3567 | D:3      | Found a radiant altar of Vehumet.
  3572 | D:3      | Found a shimmering blue altar of Sif Muna.
  3696 | D:4      | Found Ehamay's Magic Scroll Shoppe.
  3699 | D:4      | Bought a scroll of noise for 11 gold pieces
  3699 | D:4      | Bought a scroll of identify for 22 gold pieces
  3699 | D:4      | Bought a scroll of identify for 22 gold pieces
  3699 | D:4      | Bought a scroll of remove curse for 33 gold pieces
  3699 | D:4      | Bought a scroll of magic mapping for 38 gold pieces
  3699 | D:4      | Bought a scroll of blinking for 82 gold pieces
  3699 | D:4      | Bought a scroll of amnesia for 38 gold pieces
  3824 | D:4      | Reached skill level 5 in Shields
  3842 | D:4      | Reached skill level 1 in Evocations
  3890 | D:4      | Noticed Edmund
  3906 | D:4      | Killed Edmund
  4112 | D:4      | Found a transporter.
  4125 | D:4      | Identified the ring "Icsil" {rPois rC+ rN+ Dex+3}
  4153 | D:4      | Noticed vykuza's ghost (amateur GnSk)
  4232 | D:4      | Killed vykuza's ghost
  4232 | D:4      | Reached XP level 9. HP: 52/55 MP: 10/10
  4428 | D:5      | Entered Level 5 of the Dungeon
  5339 | D:6      | Noticed Sigmund
  5355 | D:6      | Killed Sigmund
  5409 | D:6      | Found an iron altar of Okawaru.
  6310 | D:7      | Reached XP level 10. HP: 37/63 MP: 12/12
  6352 | D:7      | Found a staircase to the Ecumenical Temple.
  6374 | Temple   | Entered the Ecumenical Temple
  6460 | Temple   | Became a worshipper of the Shining One
  6537 | D:7      | Noticed a skeletal warrior
  6563 | D:7      | Killed a skeletal warrior
  6802 | D:7      | Reached skill level 1 in Throwing
  7039 | D:8      | Reached * piety under the Shining One
  7194 | D:8      | Noticed Gastronok
  7216 | D:8      | Slain by Gastronok

Levels and vault maps discovered:
D:1:      eino_arrival_cavern_a, layout_basic
D:2:      layout_basic, gammafunk_temple_overflow_wave
D:3:      layout_loops_corners, minmay_overflow_temple_star_hex,
          serial_bayou_ford_a
D:4:      minmay_goblin_kobold_castle, layout_basic, serial_shops,
          kennysheep_mini_moat, gammafunk_ghost_gnarly_gnolls, uniq_ijyb,
          uniq_edmund, uniq_menkaure
D:5:      layout_basic, first_ration
D:6:      layout_basic, okawaru_ov_weapons_minmay, uniq_sigmund
D:7:      layout_loops_ring, minmay_temple_entry_glass, grunt_ogre_cave,
          minmay_manual_mess
D:8:      layout_basic, ebering_ghost_rock_garden, uniq_maurice, uniq_gastronok
Temple:   nicolae_temple_figure_eight

Skill      XL: |  1  2  3  4  5  6  7  8  9 10 |
---------------+-------------------------------+-----
Axes           | 2 3 4 5 6 7 |  7.3
Armour         | 4 5 6 7 |  7.9
Dodging        | 1 2 3 4 |  4.8
Fighting       | 4 5 6 7 |  7.5
Shields        | 4 5 6 |  6.9
Evocations     | 1 3 |  3.7
Throwing       | 1 |  1.5
Invocations    | |  0.9

Action                   |  1- 3 |  4- 6 |  7- 9 | 10-12 || total
-------------------------+-------+-------+-------+-------++-------
Melee: War axe           |    27 |    52 |   342 |       ||   421
       Hand axe          |    98 |    77 |   148 |   113 ||   436
Throw: Throwing net      |       |       |     4 |     1 ||     5
Evoke: Wand              |       |       |     4 |     4 ||     8
  Use: Potion            |     1 |       |     3 |     2 ||     6
       Scroll            |       |     4 |     4 |       ||     8
  Eat: Chunk             |       |     3 |    10 |     1 ||    14
       Ration            |       |       |     2 |     1 ||     3
Armor: Scale mail        |    68 |    80 |   156 |       ||   304
       Chain mail        |       |       |    34 |    48 ||    82
Dodge: Dodged            |    53 |    94 |   236 |    37 ||   420
Block: Kite shield       |    77 |    98 |   272 |    55 ||   502

Table legend:
 A = Non-vault XP
 B = Vault XP
 C = Vault XP percentage of total XP
 D = Non-vault monster count
 E = Vault monster count
 F = Vault count percentage of total count
                 A         B        C        D         E       F
            +---------+---------+-------+---------+---------+-------
      Total |    3803 |    3043 |  44.4 |     164 |      63 |  27.8
            +---------+---------+-------+---------+---------+-------
        D:1 |      44 |       0 |   0.0 |      24 |       0 |   0.0
        D:2 |     132 |       0 |   0.0 |      30 |       0 |   0.0
        D:3 |      69 |       0 |   0.0 |      16 |       0 |   0.0
        D:4 |     566 |    1639 |  74.3 |      19 |      58 |  75.3
        D:5 |     372 |       0 |   0.0 |      21 |       0 |   0.0
        D:6 |     699 |     242 |  25.7 |      19 |       1 |   5.0
        D:7 |    1380 |    1162 |  45.7 |      27 |       4 |  12.9
        D:8 |     541 |       0 |   0.0 |       8 |       0 |   0.0
            +---------+---------+-------+---------+---------+-------
